 Dungeon Crawl Stone Soup version 0.31.0-11-ge490571c62 (webtiles) character file.

Game seed: 7099039552734230943

3850 Gadfly the Ruffian (level 9, 0/68 HPs)
             Began as a Demonspawn Monk on Feb 3, 2024.
             Slain by a wolf (10 damage)
             ... on level 8 of the Dungeon.
             The game lasted 00:10:45 (6579 turns).

Gadfly the Ruffian (Demonspawn Monk)                Turns: 6579, Time: 00:10:46

Health: 0/68       AC:  4    Str: 23    XL:     9   Next: 99%
Magic:  9/9        EV: 14    Int: 13    God:
Gold:   531        SH:  0    Dex: 15    Spells: 5/8 levels left

rFire   + .          .
                       - Unarmed
rCold   . . .        c - orb {light}
rNeg    . . .        y - +0 robe {Will+}
rPois   .            m - +1 hat {Int+3}
rElec   .            x - +0 cloak
rCorr   .            (no gloves)
SInv    .            (no boots)
Will    +....        l - amulet of regeneration
Stlth   +            k - +6 ring of strength
HPRegen 1.11/turn    C - ring of protection from fire
MPRegen 0.11/turn

%: no passive effects
@: glowing
A: claws 2, horns 1, demonic guardian 2, demonic magic 2, weakness stinger 1
a: no special abilities


You were on level 8 of the Dungeon.
You visited 2 branches of the dungeon, and saw 9 of its levels.
You also visited: Sewer and Ossuary.

You collected 576 gold pieces.
You spent 45 gold pieces at shops.

Inventory:

Hand Weapons
 p - a +1 short sword of venom
 w - a +3 quarterstaff of chaos
 D - a +5 scimitar
Armour
 c - an orb of light (worn)
 m - a +1 hat of intelligence (worn)
 x - a +0 cloak (worn)
 y - a +0 robe of willpower (worn)
Jewellery
 k - a +6 ring of strength (left claw)
 l - an amulet of regeneration (around neck)
 q - an amulet of faith
 C - a ring of protection from fire (right claw)
Talismans
 f - a flux talisman
 n - a serpent talisman
Wands
 o - a wand of mindburst (5)
 v - a wand of charming (34) (quivered)
 E - a wand of polymorph (9)
Scrolls
 a - 5 scrolls of teleportation
 d - a scroll of identify
 r - 4 scrolls of enchant armour
 s - 2 scrolls of vulnerability
 u - a scroll of butterflies
 A - a scroll of silence
Potions
 b - a potion of ambrosia
 e - 3 potions of might
 g - a potion of heal wounds
 h - 3 potions of mutation
 i - 6 potions of curing
 t - 2 potions of attraction
 z - 2 potions of berserk rage
 B - a potion of haste


   Skills:
 + Level 5.5 Fighting
 + Level 5.7 Dodging
 * Level 7.5 Unarmed Combat
 + Level 6.0 Evocations
 * Level 6.2 Shapeshifting


You had 5 spell levels left.
You knew the following spells:

 Your Spells              Type           Power      Damage    Failure   Level
a - Passwall              Erth           0%         N/A       67%         3

Your spell library contained the following spells:

 Spells                   Type           Power      Damage    Failure   Level
 Freeze                   Ice            0%         1d3       30%         1
 Sandblast                Erth           0%         2d4       30%         1
 Static Discharge         Conj/Air       0%         3-3/arc   43%         2
 Frozen Ramparts          Ice            0%         1d1       67%         3
 Hailstorm                Conj/Ice       0%         3d5       67%         3
 Stone Arrow              Conj/Erth      0%         3d7       67%         3
 Airstrike                Air            0%         2d(0-16)  97%         4
 Anguish                  Hex/Necr       0%         N/A       97%         4
 Brom's Barrelling Bould  Conj/Erth      0%         2d3       97%         4
 Cause Fear               Hex            0%         N/A       97%         4
 Summon Lightning Spire   Summ/Air       0%         N/A       97%         4
 Enfeeble                 Hex            0%         N/A       100%        7


Dungeon Overview and Level Annotations

Branches:
Dungeon (8/15)             Temple (1/1) D:6           Sewer (visited)
Ossuary (visited)
   Lair: D:8-11

Altars:
Dithmenos
Fedhas
Gozag
Hepliaklqana
Kikubaaqudgha
Makhleb
Okawaru
Qazlal
Trog
Uskayaw
Wu Jian
Yredelemnul

Shops:
D:4 =   D:6 *


Innate Abilities, Weirdness & Mutations

You have very sharp fingernails.
You have a pair of small horns on your head.
A demonic guardian rushes to your aid.
Spells you cast may paralyse nearby enemies.
You have a small tail.


Message History

The wolf bites you.
* * * LOW HITPOINT WARNING * * *
The orc misses you.
Your hellwing hits the orc.
The orc dies!
The orc priest invokes the aid of Beogh against you.
Beogh smites you!
* * * LOW HITPOINT WARNING * * *
The orc priest hits you with a +0 short sword.
* * * LOW HITPOINT WARNING * * *
The warg closely misses you.
Unknown command.
You feel much better. The wolf bites you. The warg bites you.
The wolf barely misses you. The orc priest completely misses you.
The warg barely misses you.
Your hellwing hits the orc priest!
Your hellwing closely misses the orc priest.
The orc priest begins to cast a cantrip, but forgets the words!
The orc hits your hellwing but does no damage.
You claw the warg!
You headbutt the warg, but do no damage.
The warg is almost dead.
Your hellwing hits the orc priest but does no damage.
Your hellwing closely misses the orc priest.
The orc hits your hellwing but does no damage.
The orc priest hits your hellwing but does no damage.
You scratch the warg but do no damage.
The warg is almost dead.
The warg closely misses you. The wolf bites you!
* * * LOW HITPOINT WARNING * * *
Your hellwing hits the orc priest!
The orc priest dies!
The orc priest begins to cast a cantrip, but forgets the words!
The orc hits your hellwing but does no damage.
The warg bites you!
* * * LOW HITPOINT WARNING * * *
Unknown command.
You scratch the warg but do no damage.
The warg is almost dead.
The wolf closely misses you. The wolf bites you!
You die...

#.# .. #.# .. ######.##
... ........# ...
........# #.#
.......@###########.#
......4hh.........#.#
.....o)o..........#.####
..................#.....
........................
......................##
..................#.#...
..................#.....
#####.....####....#.....


You could see a warg, a wolf, an orc priest, an orc (ally target) and a friendly
hellwing (summoned).

Vanquished Creatures
  A hornet (D:8)
  Grinder (D:6)
  A wraith (D:8)
  A hornet zombie (D:7)
  An ice beast (D:7)
  2 sky beasts (D:7)
  2 black bears
  A crocodile (Sewer)
  A centaur (D:6)
  A wolf (D:8)
  3 ogres (D:5)
  2 phantoms
  2 weeping skulls (Ossuary)
  A brain worm (Sewer)
  An elf zombie (Ossuary)
  A kobold brigand (D:7)
  2 bullfrogs
  A scorpion (D:6)
  3 necrophages (D:7)
  2 wights (D:7)
  A centaur zombie (D:7)
  A bullfrog zombie (D:7)
  3 human zombies
  Crazy Yiuf (D:4)
  5 orc priests
  A gnoll bouda (D:7)
  3 hounds
  A jelly (D:5)
  3 orc wizards
  4 mummies
  A howler monkey zombie (D:7)
  Robin (D:2)
  5 gnolls
  7 adders
  A shadow imp (D:6)
  2 white imps
  4 dart slugs
  3 ribbon worms
  19 orcs
  12 bats
  4 endoplasms
  5 giant cockroaches
  A gnoll zombie (Ossuary)
  16 goblins
  14 hobgoblins
  3 jackals (D:1)
  3 quokkas
  12 ball pythons
  4 frilled lizards
  10 kobolds
  A kobold zombie (Ossuary)
  7 rats
188 creatures vanquished.

Vanquished Creatures (collateral kills)
  Sigmund (D:6)
  An orc warrior (D:7)
  An ice beast (D:6)
  An orc priest (D:8)
  Ijyb (D:4)
  3 gnolls
  2 orcs
  A goblin (D:2)
11 creatures vanquished.

Grand Total: 199 creatures vanquished

Notes
Turn   | Place    | Note
-------+----------+-------------------------------------------
     0 | D:1      | Gadfly the Demonspawn Monk began the quest for the Orb.
     0 | D:1      | Reached XP level 1. HP: 18/18 MP: 1/1
   129 | D:1      | Discovered your monstrous ancestry.
   129 | D:1      | Gained mutation: You have a pair of small horns on your
                  | head. [demonic ancestry]
   129 | D:1      | Reached XP level 2. HP: 20/24 MP: 2/2
   184 | D:1      | Reached skill level 3 in Unarmed Combat
   184 | D:1      | Reached skill level 1 in Evocations
   294 | D:1      | Gained mutation: A weak demonic guardian rushes to your
                  | aid. [demonic ancestry]
   294 | D:1      | Reached XP level 3. HP: 28/29 MP: 3/3
   338 | D:1      | Reached skill level 1 in Shapeshifting
  1293 | D:2      | Noticed Robin
  1308 | D:2      | Gained mutation: Spells you cast may paralyse adjacent
                  | enemies. [demonic ancestry]
  1308 | D:2      | Reached XP level 4. HP: 28/35 MP: 4/4
  1438 | D:2      | Killed Robin
  2146 | D:2      | Learned a level 3 spell: Passwall
  2271 | D:3      | Gained mutation: You have sharp fingernails. [demonic
                  | ancestry]
  2271 | D:3      | Reached XP level 5. HP: 41/41 MP: 5/5
  2315 | D:3      | Found a stormy altar of Qazlal.
  2318 | D:3      | Found a blossoming altar of Fedhas.
  3008 | D:4      | Reached skill level 4 in Unarmed Combat
  3008 | D:4      | Gained mutation: Spells you cast may paralyse nearby
                  | enemies. [demonic ancestry]
  3008 | D:4      | Reached XP level 6. HP: 23/47 MP: 6/6
  3070 | D:4      | Found a runed translucent door.
  3071 | D:4      | Noticed Crazy Yiuf
  3250 | D:4      | Found a sand-covered staircase.
  3258 | Ossuary  | Entered an ossuary
  3258 | Ossuary  | Found a huge runed translucent gate.
  3258 | Ossuary  | Found a huge runed translucent gate.
  3258 | Ossuary  | Found a huge runed translucent gate.
  3258 | Ossuary  | Found a huge runed translucent gate.
  3258 | Ossuary  | Found a huge runed translucent gate.
  3258 | Ossuary  | Found a huge runed translucent gate.
  3258 | Ossuary  | Found a huge runed translucent gate.
  3258 | Ossuary  | Found a huge runed translucent gate.
  3259 | Ossuary  | Found a huge runed translucent gate.
  3259 | Ossuary  | Found a huge runed translucent gate.
  3259 | Ossuary  | Found a huge runed translucent gate.
  3260 | Ossuary  | Found a huge runed translucent gate.
  3260 | Ossuary  | Found a huge runed translucent gate.
  3262 | Ossuary  | Found a huge runed translucent gate.
  3262 | Ossuary  | Found a huge runed translucent gate.
  3399 | Ossuary  | Found a huge runed translucent gate.
  3399 | Ossuary  | Found a huge runed translucent gate.
  3399 | Ossuary  | Found a huge runed translucent gate.
  3399 | Ossuary  | Found a huge runed translucent gate.
  3399 | Ossuary  | Found a huge runed translucent gate.
  3400 | Ossuary  | Found a huge runed translucent gate.
  3400 | Ossuary  | Found a huge runed translucent gate.
  3402 | Ossuary  | Found a huge runed translucent gate.
  3402 | Ossuary  | Found a huge runed translucent gate.
  3403 | Ossuary  | Found a huge runed translucent gate.
  3403 | Ossuary  | Found a huge runed translucent gate.
  3404 | Ossuary  | Found a huge runed translucent gate.
  3404 | Ossuary  | Found a huge runed translucent gate.
  3409 | Ossuary  | Found a huge runed translucent gate.
  3409 | Ossuary  | Found a huge runed translucent gate.
  3424 | Ossuary  | Found a huge runed translucent gate.
  3424 | Ossuary  | Found a huge runed translucent gate.
  3424 | Ossuary  | Found a huge runed translucent gate.
  3424 | Ossuary  | Found a huge runed translucent gate.
  3424 | Ossuary  | Found a huge runed translucent gate.
  3466 | Ossuary  | Gained mutation: A demonic guardian rushes to your aid.
                  | [demonic ancestry]
  3466 | Ossuary  | Reached XP level 7. HP: 32/52 MP: 7/7
  3640 | D:4      | Found Qiprosu's Jewellery Boutique.
  3651 | D:4      | Noticed Ijyb
  3669 | D:4      | Killed Ijyb
  4091 | D:4      | Killed Crazy Yiuf
  4131 | D:5      | Entered Level 5 of the Dungeon
  4198 | D:5      | Reached skill level 5 in Unarmed Combat
  4299 | D:5      | Gained mutation: You have very sharp fingernails. [demonic
                  | ancestry]
  4299 | D:5      | Reached XP level 8. HP: 58/58 MP: 8/8
  4375 | D:5      | Found a glowing drain.
  4388 | Sewer    | Entered a sewer
  4537 | D:5      | Found a burning altar of Makhleb.
  5064 | D:6      | Found a staircase to the Ecumenical Temple.
  5089 | Temple   | Entered the Ecumenical Temple
  5152 | D:6      | Found Sadixi's Assorted Antiques.
  5158 | D:6      | Bought a scroll labelled CUOTERUBBISIT for 24 gold pieces
  5158 | D:6      | Bought a white potion for 21 gold pieces
  5166 | D:6      | Noticed Sigmund
  5174 | D:6      | Killed Sigmund
  5175 | D:6      | Reached skill level 6 in Unarmed Combat
  5175 | D:6      | Reached skill level 5 in Evocations
  5465 | D:6      | Noticed Grinder
  5476 | D:6      | Killed Grinder
  5477 | D:6      | Reached skill level 5 in Dodging
  5477 | D:6      | Reached skill level 5 in Shapeshifting
  5477 | D:6      | Gained mutation: You have a small tail. [demonic ancestry]
  5477 | D:6      | Reached XP level 9. HP: 66/66 MP: 9/9
  5848 | D:7      | Found an iron altar of Okawaru.
  5955 | D:7      | Reached skill level 5 in Fighting
  5979 | D:7      | Found a basalt altar of Yredelemnul.
  6014 | D:7      | Reached skill level 7 in Unarmed Combat
  6574 | D:8      | HP: 3/68 [orc priest/+0 short sword (2)]
  6579 | D:8      | Slain by a wolf

Illustrated notes

Levels and vault maps discovered:
D:1:      minmay_arrival_four_circles, layout_basic, st_stairs_11,
          minmay_tromino_v7
D:2:      layout_basic, minmay_crystal_room, uniq_robin
D:3:      layout_basic, grunt_temple_overflow_forces_of_nature,
          serial_bayou_crossing
D:4:      layout_basic, enter_ossuary_3, serial_shops,
          nicolae_shop_window_shopping, uniq_crazy_yiuf_cottage, uniq_ijyb
D:5:      layout_cave_pools, makhleb_heckhound_becter, portal_sewer_entry_d
D:6:      layout_loops_ring, minmay_temple_entry_antechambers, serial_shops,
          nicolae_shop_tiny_statue_garden, uniq_sigmund, uniq_grinder
D:7:      layout_rooms, lemuel_tele_altar, lemuel_mausoleum_altar_yredelemnul
D:8:      layout_basic, chequers_temple_overflow_statue_of_worship,
          erik_lair_orcish_takeover, uniq_jeremiah
Temple:   cyrus_temple_forest

Skill      XL: |  1  2  3  4  5  6  7  8  9 |
---------------+----------------------------+-----
Unarmed Combat | 3 4 5 6 7 |  7.5
Evocations     | 1 2 3 4 5 6 |  6.0
Shapeshifting  | 1 2 3 5 6 |  6.2
Dodging        | 3 4 5 |  5.7
Fighting       | 4 5 |  5.5

Action                     |  1- 3 |  4- 6 |  7- 9 || total
---------------------------+-------+-------+-------++-------
  Melee: Unarmed           |   130 |   179 |   255 ||   564
         Headbutt          |    16 |    39 |    72 ||   127
         Tailslap          |       |       |    22 ||    22
    Use: Scroll            |     5 |     2 |    10 ||    17
         Potion            |       |     2 |     1 ||     3
   Stab: Distracted        |       |     1 |       ||     1
 Armour: Robe              |    57 |    23 |    98 ||   178
         Animal skin       |       |    63 |    46 ||   109
  Dodge: Dodged            |   119 |   120 |   156 ||   395
